 Dungeon Crawl Stone Soup version 0.32-a0-132-g2d33c3cfaf (webtiles) character file.

Game seed: 2310262463487295398

35 zeratav the Sneak (level 3, -8/23 HPs)
             Began as an Octopode Shapeshifter on Feb 9, 2024.
             Mangled by Terence
             ... wielding a +7 flail
              (14 damage)
             ... on level 2 of the Dungeon.
             The game lasted 00:01:15 (975 turns).

zeratav the Sneak (Octopode Shapeshifter)            Turns: 975, Time: 00:01:16

Health: -8/23      AC:  1    Str: 15    XL:     3   Next: 35%
Magic:  3/3        EV: 13    Int: 12    God:
Gold:   53         SH:  0    Dex: 11    Spells: 2/2 levels left

rFire   . .          .
                       - Unarmed
rCold   . . .        (no shield)
rNeg    . . .        (helmet currently unavailable)
rPois   .            (no amulet)
rElec   .            (no ring)
rCorr   .            (no ring)
SInv    .            (no ring)
Will    .....        (no ring)
Stlth   +++          (no ring)
HPRegen 0.23/turn    (no ring)
MPRegen 0.08/turn    (no ring)
                     (no ring)

%: no passive effects
@: beast-form
A: beast (slay +1), almost no armour, amphibious, 8 rings, camouflage 1,
gelatinous body 1, (nimble swimmer 1), tentacles
a: Begin Untransformation


You were on level 2 of the Dungeon.
You were a hulking beast.
You visited 1 branch of the dungeon, and saw 2 of its levels.

You collected 53 gold pieces.


Innate Abilities, Weirdness & Mutations

You are a hulking beast.
Your limbs bulge with bestial killing power. (Slay +1)
You cannot wear most types of armour.
You are amphibious.
You can wear up to eight rings at the same time.
Your skin changes colour to match your surroundings (Stealth+).
Your rubbery body absorbs attacks. (AC +1, EV +1)
((You are camouflaged when in or above water. (Stealth+)))
You have tentacles for arms and can constrict up to eight enemies at once.


   Skills:
 - Level 1.0 Fighting
 - Level 2.0 Dodging
 + Level 4.3 Stealth
 - Level 3.0 Unarmed Combat
 - Level 3.0 Shapeshifting


You had 2 spell levels left.
You didn't know any spells.
Your spell library contained the following spells:

 Spells                   Type           Power      Damage    Failure   Level
 Sandblast                Erth           0%         2d4       32%         1
 Fugue of the Fallen      Necr           0%         N/A       69%         3
 Ozocubu's Armour         Ice            0%         N/A       69%         3
 Passwall                 Erth           0%         N/A       69%         3
 Stone Arrow              Conj/Erth      0%         3d7       69%         3
 Brom's Barrelling Bould  Conj/Erth      0%         2d3       97%         4
 Manifold Assault         Tloc           0%         N/A       97%         4

Inventory:

Missiles
 k - 2 poisoned darts (quivered) {throwing}
Jewellery
 l - a ring of ice
   (You took it off a hobgoblin on level 2 of the Dungeon)
Talismans
 b - a beast talisman
 c - a flux talisman
Scrolls
 e - a scroll of amnesia {unknown}
 f - a scroll of teleportation {unknown}
 g - a scroll of noise {unknown}
 h - a scroll of vulnerability {unknown}
 j - a scroll of identify {unknown}
Potions
 a - a potion of lignification {!q}
 d - a potion of curing {unknown}
 i - a potion of mutation {unknown}

Dungeon Overview and Level Annotations

Branches:
Dungeon (2/15) Zot: 11026

Altars:

Shops:
D:1 [((*[

Annotations:
D:2 Terence

#.....''_''.....#
..#.....'''''.###.#
........'''''####.#
..####...........#
...####.#####.##..#
#.......# ##.#...# #
####....#....#..##
##.####.##.......#...
#..@h................
...............>.......#
####.r####.####.###...#.
#.. ...# #.# #..... ...
#.######.###..#.. ####
#. .......<†..... .
#####........# .#
#.†...#... #..[....#.


You could see Terence and a rat.


Message History

HP[-1]
You take 1 damage, and now have 20/23 hp.
You tentacle-slap the rat. You constrict the rat.
You kill the rat!
HP[+1] No target in view!
No target in view!
No target in view!
No target in view!
No target in view!
No target in view!
No target in view!
No target in view!
No target in view!
No target in view!
No target in view!
You see here a rat corpse.
You pick up a book of Geomancy and begin reading...
You add the spells Sandblast, Passwall, Stone Arrow and Brom's Barrelling Boulder to your library.
HP[+2]
Your hp is fully restored (23).
You see here a rat corpse.
You see here a quokka corpse.
Found a stone staircase leading down.
A hobgoblin comes into view.
Found a faded altar of an unknown god.
The hobgoblin moves out of view.
A hobgoblin is nearby!
A hobgoblin is nearby!
There is a huge open gate here.
The hobgoblin closely misses you.
There is a huge open gate here.
You tentacle-slap the hobgoblin. You grab the hobgoblin.
You squeeze the hobgoblin.
You kill the hobgoblin!
No target in view!
No target in view!
No target in view!
No target in view!
No target in view!
No target in view!
No target in view!
No target in view!
No target in view!
No target in view!
No target in view!
No target in view!
No target in view!
No target in view!
l - a ring of ice
There is a faded altar of an unknown god, spattered with blood here.
There is a huge open gate here.
There is a huge open gate here.
A dart slug comes into view.
No target in view!
No target in view!
No target in view!
No target in view!
No target in view!
Terence the Incautious comes into view.
He is wielding a +7 flail.
You tentacle-slap the dart slug. You grab the dart slug.
You constrict the dart slug. You tentacle-slap the dart slug.
You kill the dart slug!
The helpless Terence fails to defend himself.
You tentacle-slap Terence. Your grab misses Terence.
You tentacle-slap Terence, but do no damage.
Terence hits you with a +7 flail.
HP[-3]
You take 3 damage, and now have 20/23 hp.
You barely miss Terence. Your grab misses Terence. Terence barely misses you.
You closely miss Terence. You grab Terence.
You constrict Terence, but do no damage.
Terence hits you with a +7 flail!
Ouch! That really hurt!
* * * LOW HITPOINT WARNING * * *
You are too injured to fight recklessly!
HP[-14]
You take 14 damage, and now have 6/23 hp.
MASSIVE DAMAGE!! (PAUSE)
You are too injured to fight recklessly!
You are too injured to fight recklessly!
You are too injured to fight recklessly!
You are too injured to fight recklessly!
You are too injured to fight recklessly!
You are too injured to fight recklessly!
You are too injured to fight recklessly!
You are too injured to fight recklessly!
You are too injured to fight recklessly!
You are too injured to fight recklessly!
You are too injured to fight recklessly!
You are too injured to fight recklessly!
You are too injured to fight recklessly!
You are too injured to fight recklessly!
You tentacle-slap Terence but do no damage.
You constrict Terence, but do no damage.
A rat comes into view.
Terence hits you with a +7 flail!
Ouch! That really hurt!
You die...
Terence says, "Rest in peace."

Skill      XL: |  1  2  3 |
---------------+----------+-----
Stealth        | 2 3 4 |  4.3
Fighting       | |  1.0
Dodging        | |  2.0
Unarmed Combat | |  3.0
Shapeshifting  | |  3.0

Action                     || total
---------------------------++-------
  Melee: Unarmed           ||    55
         Constrict         ||    17
         Tentacles         ||     9
         Punch             ||     1
   Stab: Sleeping          ||    12
 Armour: Skin              ||    22
  Dodge: Dodged            ||    25

Levels and vault maps discovered:
D:1:      dpeg_arrival_pond, layout_loops_ring, serial_shops, shop,
          nicolae_shop_bloodbath_and_beyond,
          nicolae_shop_temple_entry_statues_fountains, shop,
          nicolae_shop_dealshenge, serial_forest, infiniplex_forest_zigzag_1,
          infiniplex_forest_clump_C, infiniplex_forest_end_1,
          infiniplex_forest_straight_5
D:2:      layout_basic, basic_altar, hellmonk_ecumenical_altar_heavens_door,
          hangedman_abyss_or_decor_stabs, minmay_increasing_density,
          uniq_terence

Notes
Turn   | Place    | Note
-------+----------+-------------------------------------------
     0 | D:1      | zeratav the Octopode Shapeshifter began the quest for the
                  | Orb.
     0 | D:1      | Reached XP level 1. HP: 13/13 MP: 1/1
     0 | D:1      | magus.rc [v1.9.6]
    10 | D:1      | Found Fiwumm's Assorted Antiques.
    60 | D:1      | Reached skill level 1 in Stealth
    62 | D:1      | Found Ycwosooz's Armour Emporium.
    66 | D:1      | You pick up a book of Battle and begin reading...
    66 | D:1      | You add the spells Fugue of the Fallen, Ozocubu's Armour
                  | and Manifold Assault to your library.
   127 | D:1      | Reached skill level 2 in Stealth
   156 | D:1      | Reached XP level 2. HP: 18/18 MP: 2/2
   226 | D:1      | Reached skill level 3 in Stealth
   392 | D:1      | Found Vadoa's Weapon Emporium.
   486 | D:1      | Found Feaph's Armour Shop.
   563 | D:1      | Found Udis's Weapon Emporium.
   848 | D:2      | Reached XP level 3. HP: 15/23 MP: 3/3
   855 | D:2      | Reached skill level 4 in Stealth
   935 | D:2      | You pick up a book of Geomancy and begin reading...
   935 | D:2      | You add the spells Sandblast, Passwall, Stone Arrow and
                  | Brom's Barrelling Boulder to your library.
   949 | D:2      | Found a faded altar of an unknown god.
   963 | D:2      | Noticed Terence
   975 | D:2      | Mangled by Terence

Vanquished Creatures
  A ribbon worm (D:2)
  3 dart slugs
  3 endoplasms (D:1)
  A giant cockroach (D:2)
  A hobgoblin (D:2)
  6 quokkas
  A ball python (D:2)
  2 bats (D:1)
  3 goblins (D:1)
  2 kobolds (D:1)
  A rat (D:2)
24 creatures vanquished.

Table legend:
 A = Non-vault XP
 B = Vault XP
 C = Vault XP percentage of total XP
 D = Non-vault monster count
 E = Vault monster count
 F = Vault count percentage of total count
                 A         B        C        D         E       F
            +---------+---------+-------+---------+---------+-------
      Total |      45 |       6 |  11.8 |      20 |       4 |  16.7
            +---------+---------+-------+---------+---------+-------
        D:1 |      30 |       0 |   0.0 |      15 |       0 |   0.0
        D:2 |      15 |       6 |  28.6 |       5 |       4 |  44.4
            +---------+---------+-------+---------+---------+-------

Skill      XL: |  1  2  3 |
---------------+----------+-----
Stealth        | 2 3 4 |  4.3
Fighting       | |  1.0
Dodging        | |  2.0
Unarmed Combat | |  3.0
Shapeshifting  | |  3.0

Action                     || total
---------------------------++-------
  Melee: Unarmed           ||    55
         Constrict         ||    17
         Tentacles         ||     9
         Punch             ||     1
   Stab: Sleeping          ||    12
 Armour: Skin              ||    22
  Dodge: Dodged            ||    25

Illustrated notes

Table legend:
 A = Kills in this place as a percentage of kills in the entire game.
 B = Kills by you in this place as a percentage of kills by you in the entire game.
 C = Kills by friends in this place as a percentage of kills by friends in the entire game.
 D = Other kills in this place as a percentage of other kills in the entire game.
 E = Experience gained in this place as a percentage of experience gained in the entire game.
 F = Experience gained in this place divided by the number of levels of this place that you have seen.
                   A       B       C       D       E      F
               +-------+-------+-------+-------+-------+----------------------
         Total | 100.0 | 100.0 |   N/A |   N/A | 100.0 |  25.5
       Dungeon | 100.0 | 100.0 |   N/A |   N/A | 100.0 |  25.5
               +-------+-------+-------+-------+-------+----------------------

Table legend: (Time is in decaauts)
 A = Elapsed time spent in this place.
 B = Non-inter-level travel time spent in this place.
 C = Inter-level travel time spent in this place.
 D = Time resting spent in this place.
 E = Time spent auto-exploring this place.
 F = Levels seen in this place.
 G = Mean time per level.
                   A        B        C        D        E       F      G
               +--------+--------+--------+--------+--------+-----+--------+
         Total |    972 |    920 |     52 |      0 |    772 |   2 |  486.0 |
       Dungeon |    972 |    920 |     52 |      0 |    772 |   2 |  486.0 |
               +--------+--------+--------+--------+--------+-----+--------+

Top non-repeatable levels by time:
     D:1: 838 daAuts
     D:2: 134 daAuts
